 Dungeon Crawl Stone Soup version 0.21.1-1-g345015f (webtiles) character file.

58 Iko the Skirmisher (level 4, -1/41 HPs)
             Began as a Gnoll Abyssal Knight on May 2, 2018.
             Was a Follower of Lugonu.
             Killed from afar by an orc wizard (3 damage)
             ... with a magic dart
             ... on level 4 of the Dungeon.
             The game lasted 00:05:02 (381 turns).

Iko the Skirmisher (Gnoll Abyssal Knight)            Turns: 381, Time: 00:05:02

Health: -1/41      AC:  9    Str: 16    XL:     4   Next: 1%
Magic:  7/7        EV:  8    Int: 16    God:    Lugonu [*.....]
Gold:   40         SH:  4    Dex: 14    Spells: 5/5 levels left

rFire    . . .     SeeInvis .   f - +0 club
rCold    + . .     Gourm    .   (no shield)
rNeg     . . .     Faith    +   g - +0 chain mail
rPois    .         Spirit   .   (no helmet)
rElec    .         Reflect  .   (no cloak)
rCorr    .         Harm     .   (no gloves)
MR       .....                  (no boots)
Stlth    ..........             d - amulet of faith
HPRegen  0.13/turn              (no ring)
MPRegen  0.10/turn              (no ring)

@: no status effects
A: distributed training, fangs 1, large bone plates 1, clever 1, cold resistance
1, strong nose
a: Depart the Abyss, Renounce Religion


You were on level 4 of the Dungeon.
You worshipped Lugonu.
Lugonu was aware of your devotion.
You were not hungry.

You visited 1 branch of the dungeon, and saw 4 of its levels.
You visited the Abyss 1 time.

You collected 40 gold pieces.

Inventory:

Hand Weapons
 f - a +0 club (weapon)
Armour
 g - a +0 chain mail (worn)
Jewellery
 d - an amulet of faith (around neck)
Wands
 e - a wand of digging (5)
Comestibles
 b - a ration


   Skills:
 + Level 6.5 Fighting
 + Level 1.0 Short Blades
 + Level 1.0 Long Blades
 + Level 1.0 Axes
 + Level 1.0 Maces & Flails
 + Level 1.0 Polearms
 + Level 1.0 Staves
 + Level 1.0 Slings
 + Level 1.0 Bows
 + Level 1.0 Crossbows
 + Level 1.0 Throwing
 + Level 4.6 Armour
 + Level 2.6 Dodging
 + Level 1.0 Stealth
 + Level 1.0 Shields
 + Level 4.6 Unarmed Combat
 + Level 1.0 Spellcasting
 + Level 0.7 Conjurations
 + Level 0.7 Hexes
 + Level 0.7 Charms
 + Level 0.7 Summonings
 + Level 0.7 Necromancy
 + Level 0.7 Translocations
 + Level 0.7 Transmutations
 + Level 0.7 Fire Magic
 + Level 0.7 Ice Magic
 + Level 0.7 Air Magic
 + Level 0.7 Earth Magic
 + Level 0.7 Poison Magic
 + Level 4.6 Invocations
 + Level 1.0 Evocations


You had 5 spell levels left.
You didn't know any spells.

Dungeon Overview and Level Annotations

Branches:
Dungeon (4/15)
 Temple: D:4-7

Altars:


Innate Abilities, Weirdness & Mutations

Your experience applies equally to all skills.
You have very sharp teeth.
Your uncanny sense of smell can sniff out nearby items.
You are partially covered in large bone plates. (SH +4)
Your mind is acute. (Int +2)
Your flesh is cold resistant. (rC+)


Message History

The orc wizard hits you but does no damage.
The orc wizard casts a spell.
The orc wizard flickers and vanishes!
Deactivating autopickup; reactivate with Ctrl-A.
The orc wizard gestures at you while chanting.
The puff of frost misses you.
Your chain mail prevents you from hitting the orc wizard.
You bite the orc wizard, but do no damage.
The orc wizard is heavily wounded.
The orc wizard hits you but does no damage.
You hit the orc wizard but do no damage.
You bite the orc wizard, but do no damage.
The orc wizard is heavily wounded.
The orc wizard closely misses you.
The orc wizard hits you but does no damage.
You closely miss the orc wizard. You punch the orc wizard.
The orc wizard is heavily wounded.
The orc wizard casts a spell at you. The magic dart hits you!
You die...

∆ ####.........
#......##. #########
#..##...#
........######..†....###
....(..........††......#
#######.#######.##...###
........# ##.........
#######.# #...#.####.
#@# #.#.#.####. #o#
#.#.#...##. #{#
####.#.###.##[ #o#
#......# #.##. .o#
####.#.###.##. ##.#
#.#........ #.#
#.#####.### #.# #.# #.#
#.# #.#####.#


You could see an orc wizard and 2 orcs.

Vanquished Creatures
  Jessica (D:2)
  An adder (D:4)
  A dart slug (D:1)
  4 jackals (D:4)
  A bat (D:1)
  A frilled lizard (D:1)
  2 rats
11 creatures vanquished.

Vanquished Creatures (others)
  An orc wizard (D:4)
1 creature vanquished.

Grand Total: 12 creatures vanquished

Notes
Turn   | Place    | Note
-------+----------+-------------------------------------------
     0 | Abyss:1  | Iko the Gnoll Abyssal Knight began the quest for the Orb.
     0 | Abyss:1  | Reached XP level 1. HP: 23/23 MP: 3/3
     4 | D:1      | Escaped the Abyss
    93 | D:1      | Gained mutation: Your flesh is cold resistant. (rC+) [potion of mutation]
    93 | D:1      | Gained mutation: You are partially covered in large bone plates. (SH +4) [potion of mutation]
    93 | D:1      | Gained mutation: Your mind is acute. (Int +2) [potion of mutation]
   151 | D:2      | Noticed Jessica
   165 | D:2      | Killed Jessica
   165 | D:2      | Reached XP level 2. HP: 19/29 MP: 5/5
   165 | D:2      | Reached XP level 3. HP: 23/35 MP: 6/6
   364 | D:4      | Reached skill level 1 in Short Blades
   364 | D:4      | Reached skill level 1 in Long Blades
   364 | D:4      | Reached skill level 1 in Axes
   364 | D:4      | Reached skill level 1 in Maces & Flails
   364 | D:4      | Reached skill level 1 in Polearms
   364 | D:4      | Reached skill level 1 in Staves
   364 | D:4      | Reached skill level 1 in Slings
   364 | D:4      | Reached skill level 1 in Bows
   364 | D:4      | Reached skill level 1 in Crossbows
   364 | D:4      | Reached skill level 1 in Throwing
   364 | D:4      | Reached skill level 1 in Stealth
   364 | D:4      | Reached skill level 1 in Shields
   364 | D:4      | Reached skill level 1 in Spellcasting
   364 | D:4      | Reached skill level 1 in Evocations
   364 | D:4      | Reached XP level 4. HP: 21/41 MP: 7/7
   377 | D:4      | HP: 2/41 [orc wizard/puff of flame (11)]
   381 | D:4      | Killed from afar by an orc wizard

Skill      XL: |  1  2  3 |
---------------+----------+-----
Short Blades   | 1 |  1.0
Long Blades    | 1 |  1.0
Axes           | 1 |  1.0
Maces & Flails | 1 |  1.0
Polearms       | 1 |  1.0
Staves         | 1 |  1.0
Slings         | 1 |  1.0
Bows           | 1 |  1.0
Crossbows      | 1 |  1.0
Throwing       | 1 |  1.0
Stealth        | 1 |  1.0
Shields        | 1 |  1.0
Spellcasting   | 1 |  1.0
Evocations     | 1 |  1.0
Fighting       | |  6.5
Armour         | |  4.6
Dodging        | |  2.6
Unarmed Combat | |  4.6
Conjurations   | |  0.7
Hexes          | |  0.7
Charms         | |  0.7
Summonings     | |  0.7
Necromancy     | |  0.7
Translocations | |  0.7
Transmutations | |  0.7
Fire Magic     | |  0.7
Ice Magic      | |  0.7
Air Magic      | |  0.7
Earth Magic    | |  0.7
Poison Magic   | |  0.7
Invocations    | |  4.6

Action                   |  1- 3 |  4- 6 || total
-------------------------+-------+-------++-------
Melee: Unarmed           |    18 |       ||    18
       Bite              |     5 |     3 ||     8
       Club              |    63 |    15 ||    78
       Punch             |       |     1 ||     1
  Use: Scroll            |     4 |       ||     4
       Potion            |     2 |       ||     2
Armor: Ring mail         |    20 |       ||    20
       Chain mail        |    14 |     3 ||    17
Dodge: Dodged            |    42 |     5 ||    47
Block: Other             |     9 |     3 ||    12
